 Dungeon Crawl Stone Soup version 0.24.0-123-gd5b16e6ec5 (webtiles) character file.

Game seed: 15285973003272762724, levelgen mode: deterministic

947 Bluestream the Chopper (level 8, -1/73 HPs)
             Began as a Hill Orc Fighter on Feb 4, 2020.
             Slain by Duvessa
             ... wielding a +2 vampiric short sword
              (6 damage)
             ... on level 5 of the Dungeon.
             The game lasted 00:08:40 (5163 turns).

Bluestream the Chopper (Hill Orc Fighter)           Turns: 5163, Time: 00:08:40

Health: -1/73      AC: 12    Str: 21    XL:     8   Next: 13%
Magic:  8/8        EV:  7    Int:  8    God:
Gold:   198        SH:  9    Dex: 10    Spells: 7/7 levels left

rFire    . . .     SeeInvis .   a - +0 war axe
rCold    . . .     Gourm    .   c - +0 shield
rNeg     . . .     Faith    .   b - +0 scale mail
rPois    .         Spirit   .   (no helmet)
rElec    .         Reflect  .   y - +2 cloak
rCorr    .         Harm     .   (no gloves)
MR       .....                  r - +0 pair of boots
Stlth    ..........             (no amulet)
HPRegen  0.22/turn              (no ring)
MPRegen  0.11/turn              (no ring)

@: no status effects
A: no striking features
a: no special abilities


You were on level 5 of the Dungeon.
You were very hungry.

You visited 1 branch of the dungeon, and saw 5 of its levels.

You collected 198 gold pieces.

Inventory:

Hand Weapons
 a - a +0 war axe (weapon)
Armour
 b - a +0 scale mail (worn)
 c - a +0 shield (worn)
 r - a +0 pair of boots (worn)
 y - a +2 cloak (worn)
Jewellery
 e - a +2 ring of strength {unknown}
 s - an uncursed ring of resist corrosion {unknown}
 t - a cursed ring of fire {unknown}
 x - an uncursed ring of wizardry {unknown}
Scrolls
 g - 5 scrolls of identify {unknown}
 h - 2 scrolls of blinking {unknown}
 k - a scroll of enchant armour {unknown}
 l - a scroll of immolation {unknown}
 m - 2 scrolls of fog {unknown}
 n - 4 scrolls of amnesia {unknown}
 p - 2 scrolls of enchant weapon {unknown}
 q - a scroll of magic mapping {unknown}
 u - a scroll of random uselessness {unknown}
Potions
 d - a potion of might
 i - a potion of curing
 j - a potion of lignification {unknown}
 o - 3 potions of haste {unknown}
 v - a potion of magic {unknown}
 w - a potion of agility {unknown}
 z - a potion of heal wounds {unknown}
Comestibles
 f - 3 rations


   Skills:
 + Level 7.2 Fighting
 + Level 7.3 Axes
 + Level 6.6 Armour
 - Level 3.2 Shields


You had 7 spell levels left.
You didn't know any spells.
Your spell library contained the following spells:

 Spells                   Type           Power        Failure   Level  Hunger
 Magic Dart               Conj           #...         99%         1    ##.....
 Blink                    Tloc           N/A          100%        2    ###....
 Call Imp                 Summ           #.......     100%        2    ###....
 Slow                     Hex            #.......     100%        2    ###....
 Conjure Flame            Conj/Fire      #.......     100%        3    ####...
 Mephitic Cloud           Conj/Pois/Air  #.......     100%        3    ####...


Dungeon Overview and Level Annotations

Branches:
Dungeon (5/15)
 Temple: D:4-7

Altars:
Cheibriados
Elyvilon
Gozag
The Shining One

Annotations:
D:5 Duvessa


Message History

Duvessa hits you with a +2 vampiric short sword.
* * * LOW HITPOINT WARNING * * *
Duvessa draws strength from your wounds!
It was a potion of curing.
You feel better. You block Duvessa's attack.
Duvessa hits you with a +2 vampiric short sword.
* * * LOW HITPOINT WARNING * * *
Things that are here:
a +0 dagger of venom; a cursed -1 robe Duvessa hits you but does no damage.
Duvessa hits you but does no damage.
Duvessa is no longer berserk.
Duvessa hits you with a +2 vampiric short sword.
* * * LOW HITPOINT WARNING * * *
Okay, then.
You slash Duvessa!
Duvessa is heavily wounded.
You hit Duvessa.
Duvessa is heavily wounded.
Duvessa hits you with a +2 vampiric short sword.
You die...

#.# #....#≈≈≈# #)#
#.##.'≈≈≈+ ##.##
#.####≈≈≈# ##..)###
##.# #+## ###......#
####..# .....≈≈≈..##
#....##
###...⌠....###.########
##.≈≈..#e##..........
#.....#@...#########
####.##.....#
.........####
####.....# #..##...#
...###.#####.#
..........## .#
####..###..# .#
#...####.# .###


You could see Duvessa.

Vanquished Creatures
  Grinder (D:4)
  An ice beast (D:5)
  An ogre (D:4)
  A scorpion (D:5)
  A water moccasin skeleton (D:3)
  Dowan (D:5)
  A crimson imp (D:5)
  A bullfrog zombie (D:5)
  2 orc priests (D:3)
  Crazy Yiuf (D:4)
  3 orc wizards (D:4)
  An iguana (D:4)
  A worker ant (D:5)
  4 adders
  An adder skeleton (D:4)
  A worm (D:2)
  5 dart slugs
  A leopard gecko (D:3)
  18 orcs
  7 bats
  4 giant cockroaches
  5 goblins (D:1)
  8 hobgoblins
  6 jackals
  2 quokkas
  2 ball pythons
  6 frilled lizards
  7 kobolds
  7 rats
100 creatures vanquished.

Notes
Turn   | Place    | Note
-------+----------+-------------------------------------------
     0 | D:1      | Bluestream the Hill Orc Fighter began the quest for the
                  | Orb.
     0 | D:1      | Reached XP level 1. HP: 19/19 MP: 1/1
   116 | D:1      | Reached XP level 2. HP: 27/27 MP: 2/2
   919 | D:2      | Reached XP level 3. HP: 24/33 MP: 3/3
  1102 | D:2      | Found an opulent altar of Gozag.
  1261 | D:2      | Found a snail-covered altar of Cheibriados.
  1439 | D:2      | Reached XP level 4. HP: 40/41 MP: 4/4
  2326 | D:3      | Reached XP level 5. HP: 47/47 MP: 5/5
  3214 | D:3      | Reached skill level 5 in Fighting
  3242 | D:3      | Reached skill level 5 in Axes
  3739 | D:4      | Reached XP level 6. HP: 53/56 MP: 6/6
  3755 | D:4      | Found a white marble altar of Elyvilon.
  3875 | D:4      | Reached skill level 5 in Armour
  4000 | D:4      | Noticed Grinder
  4019 | D:4      | Killed Grinder
  4019 | D:4      | Reached XP level 7. HP: 21/63 MP: 7/7
  4747 | D:4      | Found a runed translucent door.
  4748 | D:4      | Noticed Crazy Yiuf
  4755 | D:4      | Killed Crazy Yiuf
  4890 | D:5      | Entered Level 5 of the Dungeon
  4914 | D:5      | Found a glowing golden altar of the Shining One.
  5118 | D:5      | Noticed Duvessa
  5119 | D:5      | Noticed Dowan
  5130 | D:5      | Reached XP level 8. HP: 65/73 MP: 8/8
  5145 | D:5      | Killed Dowan
  5154 | D:5      | HP: 2/73 [Duvessa/+2 vampiric short sword (10)]
  5163 | D:5      | Slain by Duvessa

Levels and vault maps discovered:
D:1:      denvon_arrival_planthouse, layout_basic, minivault_4
D:2:      layout_loops_corners, nicolae_overflow_crystal_walls,
          kennysheep_slug_shrine, palyth_stone_intersect
D:3:      layout_basic, bh_chokoban
D:4:      layout_rooms, lemuel_doored_altar, first_ration, uniq_grinder,
          uniq_crazy_yiuf_cottage
D:5:      layout_rooms, gammafunk_temple_overflow_elements,
          gammafunk_ghost_split, cheibrodos_sewer_entry_bend,
          corexii_leaking_fountain, minmay_liquid_box, tso_metal_star,
          uniq_duvessa

Skill      XL: |  1  2  3  4  5  6  7 |
---------------+----------------------+-----
Axes           | 3 4 5 6 7 |  7.3
Fighting       | 4 5 6 7 |  7.2
Armour         | 4 5 6 |  6.6
Shields        | |  3.2

Action                   |  1- 3 |  4- 6 |  7- 9 || total
-------------------------+-------+-------+-------++-------
Melee: War axe           |    82 |   182 |   128 ||   392
  Use: Potion            |       |       |     1 ||     1
  Eat: Chunk             |     2 |     8 |     3 ||    13
Armor: Scale mail        |    39 |    94 |    67 ||   200
Dodge: Dodged            |    30 |    41 |    36 ||   107
Block: Shield            |    44 |    97 |    45 ||   186
